 Dungeon Crawl Stone Soup version 0.27.0-1-g7a089689b8 (webtiles) character file.

Game seed: 7359300688244483269

25151 robertstho the Unseen (level 13, -2/92 HPs)
             Began as an Octopode Berserker on Aug 6, 2021.
             Was an Elder of Trog.
             Slain by a death yak (14 damage)
             ... on level 3 of the Lair of Beasts.
             The game lasted 00:20:49 (13602 turns).

robertstho the Unseen (Octopode Berserker)         Turns: 13602, Time: 00:20:50

Health: -2/92      AC:  8    Str: 19    XL:     13   Next: 17%
Magic:  13/13      EV: 16    Int:  9    God:    Trog [****..]
Gold:   735        SH:  0    Dex: 14    Spells: 12/12 levels left

rFire    x . .     SeeInvis .   s - +4 dagger (protect)
rCold    + . .     Faith    .   (no shield)
rNeg     . . .     Spirit   .   (helmet restricted)
rPois    +         Reflect  .   e - amulet of regeneration
rElec    .         Harm     .   c - ring of willpower
rCorr    .         Rampage  .   p - ring of poison resistance
Will     +....                  A - ring of ice
Stlth    ++++++++..             (no ring)
HPRegen  1.25/turn              (no ring)
MPRegen  0.13/turn              (no ring)
                                (no ring)
                                (no ring)

@: mighty, under a protective aura, on berserk cooldown, slowed, studying
Unarmed Combat, very slow
A: almost no armour, amphibious, 8 rings, camouflage 1, gelatinous body 1,
(nimble swimmer 1), tentacles
a: Renounce Religion, Berserk, Trog's Hand, Brothers in Arms


You were on level 3 of the Lair of Beasts.
You worshipped Trog.
Trog was greatly pleased with you.
You visited 2 branches of the dungeon, and saw 12 of its levels.

You collected 735 gold pieces.

Inventory:

Hand Weapons
 a - a +0 short sword
 g - a +2 spear of freezing
 i - a +2 scimitar of flaming
 s - a +4 dagger of protection (weapon)
Missiles
 u - 3 throwing nets (quivered)
Jewellery
 c - a ring of willpower (left tentacle)
 e - an amulet of regeneration (around mantle)
 p - a ring of poison resistance (right tentacle)
 A - a ring of ice (on tentacle)
Wands
 b - a wand of digging (4)
 t - a wand of flame (62)
 w - a wand of iceblast (15)
 y - a wand of paralysis (8)
 B - a wand of polymorph (8)
Scrolls
 f - 2 scrolls of silence
 h - 3 scrolls of magic mapping
 j - 3 scrolls of vulnerability
 k - 3 scrolls of blinking {unknown}
 o - 2 scrolls of enchant armour
 v - a scroll of immolation {unknown}
 x - 2 scrolls of fog {unknown}
Potions
 d - a potion of heal wounds {unknown}
 l - 4 potions of flight
 m - a potion of ambrosia {unknown}
 n - a potion of attraction {unknown}
 q - a potion of brilliance {unknown}
 r - a potion of might


   Skills:
 * Level 10.3 Fighting
 + Level 8.2 Short Blades
 + Level 6.4 Polearms
 + Level 7.3 Dodging
 * Level 20.0 Stealth


You had 12 spell levels left.
You didn't know any spells.
Your spell library was empty.

Dungeon Overview and Level Annotations

Branches:
Dungeon (9/15)             Temple (0/1) D:4            Lair (3/6) D:9
  Swamp: Lair:2-4    Shoals: Lair:2-4     Snake: Lair:2-4    Spider: Lair:2-4
    Orc: D:9-12

Altars:
Zin

Shops:
D:4 :   D:6 (

Annotations:
Lair:1 exclusion: 2 oklob plants


Innate Abilities, Weirdness & Mutations

You cannot wear most types of armour.
You are amphibious.
You can wear up to eight rings at the same time.
Your skin changes colour to match your surroundings (Stealth+).
Your rubbery body absorbs attacks. (AC +1, EV +1)
((You are camouflaged near water. (Stealth+)))
You have tentacles for arms and can constrict up to eight enemies at once.


Message History

The death yak is moderately wounded.
You barely miss the death yak. Your squeeze misses the death yak.
The death yak is moderately wounded.
You are no longer berserk.
You are exhausted.
You feel yourself slow down. The death yak barely misses you.
You hit the death yak but do no damage. You squeeze the death yak!
The death yak is heavily wounded.
The death yak gores you.
You hit the death yak but do no damage.
The death yak is heavily wounded.
You hit the death yak.
You squeeze the death yak, but do no damage.
The death yak is heavily wounded.
The death yak misses you.
You hit the death yak but do no damage.
The death yak is heavily wounded.
The death yak gores you!!
You hit the death yak but do no damage. You squeeze the death yak!
The death yak is severely wounded.
The death yak gores you but does no damage.
You hit the death yak.
The death yak is severely wounded.
The death yak misses you.
You hit the death yak but do no damage. You squeeze the death yak.
The death yak is severely wounded.
The death yak completely misses you.
You hit the death yak but do no damage. You squeeze the death yak.
The death yak is severely wounded.
The death yak gores you!
You hit the death yak but do no damage.
The death yak is severely wounded.
The death yak closely misses you.
You feel very mighty all of a sudden. The death yak gores you!!
* * * LOW HITPOINT WARNING * * *
You hit the death yak but do no damage.
The death yak is severely wounded.
The death yak gores you!
You die...

...........#......+..####........
...........+.(.....#.# #.....(..
....†...#.#P......#### #.#.#P###
........####...P....# ###.###
#.##.#..# ##.#'P#.## ## ....###.#
##..#### ###'##..## #...# #
.........###..#.## .##
........###.#+##@#...##
........##.....Y....>.#
.........P.......(...##
.....................#
........#............#
...............<.....P#
........#............##
...##.#?##...........# ##.#
######.####P##.#.#


You could see a death yak.

Vanquished Creatures
  Harold (D:7)
  A catoblepas (Lair:3)
  4 hydras
  Fannar (Lair:2)
  Erica (D:9)
  6 death yaks
  An orc knight (D:8)
  An ugly thing (D:8)
  2 cyclopes
  Maggie (D:7)
  7 cane toads
  5 komodo dragons
  A rime drake (Lair:3)
  A polar bear (Lair:3)
  2 hornets (D:8)
  9 blink frogs
  A centaur simulacrum (D:9)
  7 yaks
  Sigmund (D:3)
  2 wyverns
  A steam dragon (D:8)
  Edmund (D:4)
  An acid dragon (D:9)
  10 water moccasins
  2 ice beasts (D:7)
  5 orc warriors
  3 sky beasts
  5 ogres
  3 centaurs
  2 wolves
  A kobold brigand (D:7)
  15 bullfrogs
  3 scorpions
  2 wyvern skeletons
  4 howler monkeys
  A bullfrog zombie (D:6)
  3 centaur zombies
  2 gnoll shamans
  8 orc priests
  4 iguanas
  Jessica (D:2)
  9 orc wizards
  A killer bee zombie (D:6)
  A howler monkey zombie (D:6)
  7 gnolls
  A howler monkey skeleton (D:5)
  6 adders
  A shadow imp (D:5)
  2 white imps
  A worm (D:2)
  A dart slug (D:2)
  43 orcs
  8 bats
  3 endoplasms
  4 goblins
  8 hobgoblins
  6 jackals
  2 quokkas
  3 ball pythons
  5 frilled lizards
  6 kobolds
  5 rats
255 creatures vanquished.

Vanquished Creatures (collateral kills)
  A catoblepas (Lair:2)
  A two-headed ogre (D:9)
  A troll (D:9)
  3 yaks (Lair:1)
  An orc warrior (D:8)
  A wolf (D:9)
  2 centaurs
  A bullfrog (Lair:3)
  2 electric eels (D:9)
  2 hounds (D:9)
  An orc priest (D:8)
  2 orcs (D:8)
18 creatures vanquished.

Vanquished Creatures (others)
  6 fungi
  2 plants (Lair:2)
8 creatures vanquished.

Grand Total: 281 creatures vanquished

Notes
Turn   | Place    | Note
-------+----------+-------------------------------------------
     0 | D:1      | robertstho the Octopode Berserker began the quest for the
                  | Orb.
     0 | D:1      | Reached XP level 1. HP: 16/16 MP: 1/1
   258 | D:1      | Reached XP level 2. HP: 15/21 MP: 2/2
   352 | D:1      | Reached skill level 1 in Stealth
   576 | D:1      | Found a faded altar of an unknown god.
   678 | D:2      | Reached ** piety under Trog
   808 | D:2      | Reached XP level 3. HP: 17/26 MP: 3/3
   820 | D:2      | Noticed Jessica
   826 | D:2      | Killed Jessica
   827 | D:2      | Reached skill level 2 in Stealth
  1093 | D:2      | Found a glowing silver altar of Zin.
  1279 | D:2      | Reached XP level 4. HP: 24/31 MP: 4/4
  1548 | D:2      | Reached skill level 3 in Stealth
  1755 | D:3      | Noticed Sigmund
  1764 | D:3      | Killed Sigmund
  1765 | D:3      | Reached skill level 5 in Stealth
  1765 | D:3      | Reached XP level 5. HP: 27/37 MP: 5/5
  2091 | D:3      | Reached XP level 6. HP: 43/43 MP: 6/6
  2593 | D:3      | Reached skill level 6 in Stealth
  2765 | D:4      | Noticed Edmund
  2795 | D:4      | Killed Edmund
  2796 | D:4      | Reached skill level 1 in Polearms
  2902 | D:4      | Reached skill level 7 in Stealth
  2902 | D:4      | Reached XP level 7. HP: 27/48 MP: 7/7
  3273 | D:4      | Found Fyunaewk's Self-Improvement Boutique.
  3470 | D:4      | Reached skill level 8 in Stealth
  3679 | D:4      | Found a staircase to the Ecumenical Temple.
  3834 | D:5      | Entered Level 5 of the Dungeon
  4155 | D:5      | Reached *** piety under Trog
  4367 | D:5      | Reached XP level 8. HP: 54/54 MP: 8/8
  4531 | D:5      | Reached skill level 9 in Stealth
  5311 | D:6      | Found Upoewuit's Weapon Emporium.
  5416 | D:6      | Reached skill level 10 in Stealth
  5446 | D:6      | Reached skill level 5 in Fighting
  6439 | D:6      | Reached skill level 11 in Stealth
  6439 | D:6      | Reached XP level 9. HP: 59/61 MP: 9/9
  6564 | D:7      | Reached skill level 5 in Polearms
  6722 | D:7      | Reached **** piety under Trog
  6978 | D:7      | Noticed Maggie
  6987 | D:7      | Killed Maggie
  7294 | D:7      | Noticed Harold
  7311 | D:7      | Killed Harold
  7312 | D:7      | Reached skill level 12 in Stealth
  7434 | D:7      | Noticed a cyclops
  7440 | D:7      | HP: 2/63 [centaur/arrow (11)]
  7562 | D:7      | Reached XP level 10. HP: 22/69 MP: 10/10
  7939 | D:7      | Reached skill level 13 in Stealth
  8442 | D:7      | Killed a cyclops
  8963 | D:8      | Reached skill level 5 in Dodging
  9008 | D:8      | Reached skill level 5 in Short Blades
  9540 | D:8      | Reached skill level 14 in Stealth
  9711 | D:8      | Noticed an orc knight
  9711 | D:8      | Noticed a cyan ugly thing
  9711 | D:8      | Noticed a five-headed hydra
  9711 | D:8      | Noticed a cyclops
  9714 | D:8      | Killed a five-headed hydra
  9715 | D:8      | Reached XP level 11. HP: 77/77 MP: 11/11
  9715 | D:8      | Killed a cyclops
  9716 | D:8      | Reached skill level 15 in Stealth
  9717 | D:8      | Killed an orc knight
  9718 | D:8      | Killed a cyan ugly thing
  9977 | D:9      | Found a staircase to the Lair.
  9984 | D:9      | Noticed Erica
 10087 | D:9      | Noticed a two-headed ogre
 10091 | D:9      | Killed a two-headed ogre
 10280 | D:9      | Noticed a death knight
 11001 | D:9      | Killed Erica
 11002 | D:9      | Reached skill level 16 in Stealth
 11013 | Lair:1   | Entered Level 1 of the Lair of Beasts
 11241 | Lair:1   | Reached skill level 17 in Stealth
 11477 | Lair:1   | Noticed an oklob plant
 11477 | Lair:1   | Noticed an oklob plant
 11905 | Lair:2   | Reached XP level 12. HP: 36/84 MP: 12/12
 12295 | Lair:2   | Noticed a death yak
 12312 | Lair:2   | Killed a death yak
 12313 | Lair:2   | Reached skill level 18 in Stealth
 12376 | Lair:2   | Noticed an eight-headed hydra
 12381 | Lair:2   | Killed an eight-headed hydra
 12384 | Lair:2   | Noticed a six-headed hydra
 12384 | Lair:2   | Noticed a catoblepas
 12474 | Lair:2   | Noticed Fannar
 12482 | Lair:2   | Killed Fannar
 12510 | Lair:2   | Killed a six-headed hydra
 12746 | Lair:2   | Noticed a four-headed hydra
 12767 | Lair:2   | Killed a four-headed hydra
 12768 | Lair:2   | Reached skill level 19 in Stealth
 12911 | Lair:2   | Killed a catoblepas
 13224 | Lair:3   | Noticed a catoblepas
 13246 | Lair:3   | HP: 3/86 [catoblepas/blast of calcifying dust (5)]
 13251 | Lair:3   | HP: 3/86 [catoblepas (15)]
 13252 | Lair:3   | HP: 1/129 [catoblepas/blast of calcifying dust (5)]
 13257 | Lair:3   | Killed a catoblepas
 13531 | Lair:3   | Reached skill level 10 in Fighting
 13547 | Lair:3   | Noticed a death yak
 13548 | Lair:3   | Noticed a death yak
 13550 | Lair:3   | Noticed a death yak
 13551 | Lair:3   | Noticed a death yak
 13551 | Lair:3   | Noticed a death yak
 13551 | Lair:3   | Noticed a death yak
 13553 | Lair:3   | Killed a death yak
 13554 | Lair:3   | Reached XP level 13. HP: 92/92 MP: 13/13
 13585 | Lair:3   | Reached skill level 20 in Stealth
 13602 | Lair:3   | Slain by a death yak

Illustrated notes

Levels and vault maps discovered:
D:1:      minmay_arrival_four_circles, layout_basic,
          dilly_ecumenical_altar_fadedgnrine
D:2:      layout_loops_ring, basic_altar, uniq_jessica
D:3:      layout_basic, minmay_crystal_water, uniq_sigmund
D:4:      layout_loops_ring, minmay_temple_entry_junction_2, serial_rivers,
          chequers_serial_rivers_micro_a, chequers_serial_rivers_micro_d,
          chequers_serial_rivers_room_a, chequers_serial_rivers_large_a,
          moated_statue, nicolae_shop_self_help, uniq_edmund
D:5:      layout_basic
D:6:      layout_loops_ring, serial_shops, shop, minmay_liquid_box
D:7:      layout_basic, minmay_manual_moon, uniq_harold, uniq_maggie
D:8:      nzn_winding_woodlands_medium [nzn_winding_woodlands_5x5_checkerboard,
          nzn_winding_woodlands_5x15_pathside_ponds,
          nzn_winding_woodlands_5x5_cross, nzn_winding_woodlands_5x5_perimeter,
          nzn_winding_woodlands_center_lodge, nzn_winding_woodlands_hourglass,
          nzn_winding_woodlands_5x5_three,
          nzn_winding_woodlands_5x15_sidewinder,
          nzn_winding_woodlands_5x5_default], layout_rooms, chequers_arboretum
D:9:      layout_irregular_city, erik_lair_island,
          kennysheep_orc_monster_closet_entryway, uniq_erica
Lair:1:   layout_misc_corridors, st_stairs_11, minmay_stone_trees_medium,
          small_statue_intersection, minivault_24, minmay_lair_oklob_chamber,
          lemuel_fruit_tree
Lair:2:   layout_hall_layers, minmay_shattered_shrine, uniq_fannar
Lair:3:   layout_roguey

Skill      XL: |  1  2  3  4  5  6  7  8  9 10 11 12 13 |
---------------+----------------------------------------+-----
Stealth        | 1 2 5 7 8 11 12 14 17 19 20 | 20.0
Fighting       | 4 5 6 7 8 10 | 10.3
Polearms       | 1 3 4 6 |  6.4
Short Blades   | 4 6 7 8 |  8.2
Dodging        | 4 5 6 7 |  7.3

Action                   |  1- 3 |  4- 6 |  7- 9 | 10-12 | 13-15 || total
-------------------------+-------+-------+-------+-------+-------++-------
Melee: Short sword       |    44 |       |       |       |       ||    44
       Constrict         |    10 |     7 |    47 |    36 |       ||   100
       Tentacles         |     5 |     8 |    57 |   103 |    16 ||   189
       Spear             |       |    63 |   203 |       |       ||   266
       Dagger            |       |       |    57 |   422 |    42 ||   521
Invok: Berserk           |     1 |     2 |    11 |    11 |     1 ||    26
       Trog's Hand       |       |     1 |     2 |     3 |       ||     6
       Brothers in Arms  |       |       |       |     7 |       ||     7
Evoke: Wand              |       |       |       |     1 |       ||     1
  Use: Scroll            |       |     1 |     5 |    10 |       ||    16
       Potion            |       |     1 |     6 |     2 |     1 ||    10
 Stab: Sleeping          |    11 |    11 |    21 |    53 |     2 ||    98
       Distracted        |       |       |     4 |       |       ||     4
Armor: Skin              |     5 |     2 |    13 |    59 |     6 ||    85
Dodge: Dodged            |     7 |    20 |   126 |   210 |    16 ||   379
